 Dungeon Crawl Stone Soup version 0.30-a0-359-gd0147acb1a (webtiles) character file.

Game seed: 12863272233101302972

2485 oldmanjim the Ogre Mage (level 9, -1/105 HPs)
             Began as an Ogre Transmuter on Nov 11, 2022.
             Was a Priest of Wu Jian.
             Slain by a wolf (6 damage)
             ... led by Grum
             ... on level 8 of the Dungeon.
             The game lasted 00:37:56 (9612 turns).

oldmanjim the Ogre Mage (Ogre Transmuter)           Turns: 9612, Time: 00:37:56

Health: -1/105     AC:  7    Str: 16    XL:     9   Next: 52%
Magic:  17/20      EV:  9    Int: 18    God:    Wu Jian [***...]
Gold:   516        SH:  5    Dex:  9    Spells: 6/23 levels left

rFire   x . .      SeeInvis .      - Unarmed
rCold   + + +      Faith    .    (shield currently unavailable)
rNeg    . . .      Spirit   .    (body armour currently unavailable)
rPois   +          Reflect  +    (helmet currently unavailable)
rElec   .          Harm     .    (cloak currently unavailable)
rCorr   .          Rampage  .    (gloves unavailable)
Will    +....                    (boots unavailable)
Stlth   +.........               m - amulet of reflection
HPRegen 0.37/turn                z - ring of willpower
MPRegen 0.17/turn                k - ring of wizardry

@: ice-form, wereblooded
A: freezing attack, amphibious, boosted hp, large, unfitting armour, (tough skin
1)
a: End Transformation, Renounce Religion, Wall Jump, Serpent's Lash


You were on level 8 of the Dungeon.
You worshipped Wu Jian.
Wu Jian was most pleased with you.
You were a creature of crystalline ice.
You visited 2 branches of the dungeon, and saw 9 of its levels.

You collected 516 gold pieces.

Inventory:

Missiles
 f - 14 poisoned darts
 h - 2 large rocks
 o - 35 stones (quivered)
 r - 6 javelins
 s - 11 boomerangs
 B - a curare-tipped dart
 G - 2 silver boomerangs
Armour
 w - a +2 robe of willpower (melded)
Jewellery
 i - a ring of flight
 k - a ring of wizardry (right front paw)
 m - an amulet of reflection (around neck)
 u - a ring of fire
 z - a ring of willpower (left front paw)
 C - a ring of poison resistance
Wands
 a - a wand of polymorph (26)
 y - a wand of flame (54)
Scrolls
 d - 2 scrolls of magic mapping
 j - 2 scrolls of blinking
 l - a scroll of noise
 n - a scroll of enchant armour {unknown}
 D - a scroll of teleportation {unknown}
 E - a scroll of brand weapon {unknown}
 F - a scroll of vulnerability {unknown}
 H - a scroll of fear {unknown}
Potions
 b - 4 potions of lignification
 c - 4 potions of flight
 e - a potion of mutation {unknown}
 g - a potion of cancellation
 p - 4 potions of haste
 q - a potion of might {unknown}
 t - 4 potions of curing
 v - a potion of attraction
 x - a potion of brilliance {unknown}
 A - a potion of berserk rage {unknown}


   Skills:
 - Level 5.0 Fighting
 - Level 1.7 Dodging
 - Level 6.0 Unarmed Combat
 + Level 7.6 Spellcasting
 + Level 6.7 Transmutations
 - Level 3.0 Ice Magic
 - Level 1.0 Poison Magic


You had 6 spell levels left.
You knew the following spells:

 Your Spells              Type           Power      Damage    Failure   Level
a - Beastly Appendage     Tmut           62%        N/A       1%          1
b - Wereblood             Tmut           31%        N/A       1%          2
c - Spider Form           Tmut/Pois      20%        N/A       2%          3
d - Ice Form              Ice/Tmut       24%        N/A       6%          4
e - Dragon Form           Tmut           15%        N/A       88%         7

Your spell library contained the following spells:

 Spells                   Type           Power      Damage    Failure   Level
 Shock                    Conj/Air       24%        1d4       4%          1
 Poisonous Vapours        Pois/Air       16%        N/A       4%          2
 Ignite Poison            Fire/Tmut/Pois 16%        N/A       4%          3
 Cigotuvi's Dreadful Rot  Necr/Pois/Air  16%        N/A       5%          2
 Mephitic Cloud           Conj/Pois/Air  8%         N/A       11%         3
 Summon Guardian Golem    Hex/Summ       6%         N/A       12%         3
 Swiftness                Air            6%         N/A       12%         3
 Olgreb's Toxic Radiance  Pois           10%        N/A       26%         4
 Airstrike                Air            3%         2d(1-17)  36%         4
 Cause Fear               Hex            3%         N/A       36%         4
 Sticky Flame             Conj/Fire      6%         2d3       36%         4
 Orb of Destruction       Conj           3%         9d5       100%        7
 Ozocubu's Refrigeration  Ice            8%         4d9       100%        7
 Spellforged Servitor     Conj/Summ      3%         N/A       100%        7
 Ignition                 Fire           3%         3d4       100%        8
 Dragon's Call            Summ           3%         N/A       100%        9


Dungeon Overview and Level Annotations

Branches:
Dungeon (8/15)             Temple (1/1) D:5
   Lair: D:8-11

Altars:
Ashenzari
Cheibriados
Dithmenos
Elyvilon
Fedhas
Gozag
Hepliaklqana
Kikubaaqudgha
Makhleb
Nemelex Xobeh
Okawaru
Qazlal
Ru
Sif Muna
Trog
Uskayaw
Vehumet
Wu Jian
Xom
Yredelemnul
Zin
The Shining One

Shops:
D:5 [   D:7 [   D:8 [

Annotations:
D:8 Grum


Innate Abilities, Weirdness & Mutations

You are a creature of crystalline ice.
You have a powerful freezing melee attack.
You are amphibious.
Your maximum health is increased.
Your armour is entirely melded.
You are incapable of wielding weapons or throwing items.
You are too large for most types of armour.
((You have tough skin. (AC +1)))


Message History

You are too injured to fight recklessly!
You howl as the wereblood boils in your veins!
The wolf bites you! The wolf attacks as you move away! The wolf misses you.
The wolf closely misses you. You block the wolf's attack.
The wolf attacks as you move away! The wolf closely misses you.
The wolf bites you but does no damage. The wolf bites you but does no damage.
You warm up again.
Your +2 robe of willpower unmelds from your body.
You feel strong-willed. The wolf bites you!
* * * LOW HITPOINT WARNING * * *
The wolf attacks as you move away! The wolf barely misses you.
You howl as the wereblood boils in your veins!
The wolf bites you.
* * * LOW HITPOINT WARNING * * *
The wolf closely misses you.
Casting: Wereblood (safe; 1% risk of failure)
Confirm with . or Enter, or press ? or * to list all spells.
You turn into a creature of crystalline ice.
Your +2 robe of willpower melds into your body.
You feel less strong-willed. The wolf bites you but does no damage.
The wolf bites you.
* * * LOW HITPOINT WARNING * * *
You block the wolf's attack. The wolf bites you.
* * * LOW HITPOINT WARNING * * *
The wolf bites you but does no damage. The wolf bites you!
* * * LOW HITPOINT WARNING * * *
Grum hits you from afar with a +1 spear!
* * * LOW HITPOINT WARNING * * *
Blink to where?
Press: ? - help, Dir - move target
Okay, then.
Blink to where?
Press: ? - help, Dir - move target
As you read the scroll of blinking, it crumbles to dust.
You howl as the wereblood boils in your veins!
The wolf attacks as you move away! The wolf bites you.
You die...

#...>......PP...... #
#..#....#.P∩P...#
#.####..#........P.#####
#.......................
#.##<...............####
#........#.........####
##.####..#..#.........#
# #..#..#.#.....###
#.Y..........##
#..h........##
###...h.......#
...............##
##..............##
#.#..........≈..#
#.####.###...~.## #. #.#
#.....# #.# #.....######


You could see 2 wolves.

Vanquished Creatures
  Sigmund (D:3)
  Duvessa (D:4)
  An orc warrior (D:6)
  A sky beast (D:6)
  An ice beast (D:5)
  2 wolves (D:8)
  A centaur (D:7)
  3 phantoms
  A kobold brigand (D:7)
  3 bullfrogs
  A gnoll sergeant (D:5)
  A necrophage (D:6)
  A scorpion (D:5)
  5 wights (D:7)
  Dowan (D:4)
  2 howler monkeys
  A bullfrog zombie (D:7)
  A hound (D:6)
  5 iguanas
  8 orc wizards
  Robin (D:3)
  A howler monkey zombie (D:7)
  8 adders
  4 gnolls (D:5)
  A shadow imp (D:6)
  2 white imps
  5 worms
  A dart slug (D:4)
  17 orcs
  7 endoplasms
  8 giant cockroaches
  15 goblins
  6 hobgoblins
  4 jackals (D:1)
  13 kobolds
  7 ball pythons
  2 bats
  A frilled lizard (D:3)
  6 rats
150 creatures vanquished.

Notes
Turn   | Place    | Note
-------+----------+-------------------------------------------
     0 | D:1      | oldmanjim the Ogre Transmuter began the quest for the Orb.
     0 | D:1      | Reached XP level 1. HP: 19/19 MP: 3/3
   202 | D:1      | Reached XP level 2. HP: 20/27 MP: 3/5
   222 | D:1      | Learned a level 2 spell: Wereblood
  1130 | D:2      | Reached skill level 3 in Spellcasting
  1130 | D:2      | Reached XP level 3. HP: 33/33 MP: 4/7
  1416 | D:2      | Learned a level 3 spell: Spider Form
  1604 | D:2      | Reached XP level 4. HP: 35/41 MP: 5/9
  1827 | D:2      | Found a faded altar of an unknown god.
  2063 | D:2      | Prayed at the altar of an unknown god.
  2063 | D:2      | Became a worshipper of the Wu Jian Council
  2063 | D:2      | Reached * piety under Wu Jian
  2181 | D:2      | Learned a level 4 spell: Ice Form
  2638 | D:3      | Found a blossoming altar of Fedhas.
  2945 | D:3      | Reached skill level 1 in Poison Magic
  3430 | D:3      | Noticed Sigmund
  3440 | D:3      | Killed Sigmund
  3441 | D:3      | Reached skill level 4 in Spellcasting
  3441 | D:3      | Reached skill level 1 in Ice Magic
  3441 | D:3      | Reached XP level 5. HP: 40/48 MP: 7/11
  3441 | D:3      | Reached XP level 6. HP: 46/55 MP: 7/12
  3542 | D:3      | Noticed Robin
  3675 | D:3      | Killed Robin
  3677 | D:3      | Reached ** piety under Wu Jian
  4252 | D:4      | Noticed Duvessa
  4254 | D:4      | Noticed Dowan
  4268 | D:4      | Killed Duvessa
  4269 | D:4      | Reached skill level 5 in Spellcasting
  4269 | D:4      | Reached XP level 7. HP: 40/62 MP: 11/14
  4287 | D:4      | Killed Dowan
  4434 | D:4      | Found an iron altar of Okawaru.
  4685 | D:4      | Reached skill level 5 in Transmutations
  4960 | D:4      | Found a sacrificial altar of Ru.
  5203 | D:5      | Entered Level 5 of the Dungeon
  5443 | D:5      | Found a staircase to the Ecumenical Temple.
  5536 | D:5      | Reached XP level 8. HP: 62/70 MP: 9/15
  5539 | D:5      | Reached skill level 5 in Unarmed Combat
  5551 | Temple   | Entered the Ecumenical Temple
  6007 | D:5      | Found Yahweh's Dragon-Slaying Spoils.
  6319 | D:5      | Found a glowing silver altar of Zin.
  6319 | D:5      | Noticed an angel
  6775 | D:5      | Learned a level 7 spell: Dragon Form
  7329 | D:6      | Reached *** piety under Wu Jian
  7804 | D:6      | Reached skill level 6 in Spellcasting
  8337 | D:7      | Reached XP level 9. HP: 85/85 MP: 18/18
  8351 | D:7      | Found a basalt altar of Yredelemnul.
  8530 | D:7      | Found an opulent altar of Gozag.
  8538 | D:7      | Found a shimmering blue altar of Sif Muna.
  8544 | D:7      | Found Plog's Armour Emporium.
  8716 | D:7      | Found a shimmering altar of Xom.
  8789 | D:7      | Reached skill level 5 in Fighting
  9015 | D:7      | Reached skill level 7 in Spellcasting
  9484 | D:8      | Found Ruhaggidot's Antique Armour Boutique.
  9577 | D:8      | Noticed Grum
  9603 | D:8      | HP: 2/105 [Grum/+1 spear (11)]
  9612 | D:8      | Slain by a wolf

Illustrated notes

Levels and vault maps discovered:
D:1:      sevenhm_arrival_forest_fort_small_6, layout_basic
D:2:      layout_loops_corners, nicolae_ecumenical_oubliette
D:3:      layout_basic, fedhas_altar_3, uniq_sigmund, uniq_robin
D:4:      layout_basic, okawaru_ov_weapons_minmay, lemuel_tele_altar,
          minmay_misc_feat_square, uniq_duvessa
D:5:      layout_basic, zin_angel, minmay_temple_entry_sparse_star,
          nicolae_shop_dragon_depot, grunt_decor_mini_mirrors,
          hangedman_abyss_or_decor_lesser_grid
D:6:      layout_basic, minmay_increasing_density
D:7:      minmay_flawed_box, layout_basic, lemuel_zombie_altar_yredelemnul,
          kennysheep_little_box, mainiacjoe_overflow_large_starburst,
          serial_shops, nicolae_shop_hallway_plus
D:8:      layout_basic, nzn_wu_jian_council_hall,
          grunt_lair_entry_orc_guard_hut, serial_shops, nicolae_shop_trees,
          shop, shop_fountains, nicolae_shop_overgrown_old_shop, shop,
          minivault_27, lightli_orcish_oven, uniq_grum
Temple:   nicolae_temple_figure_eight

Skill      XL: |  1  2  3  4  5  6  7  8  9 |
---------------+----------------------------+-----
Transmutations | 2 3 4 5 6 |  6.7
Spellcasting   | 3 4 5 6 7 |  7.6
Poison Magic   | 1 |  1.0
Ice Magic      | 1 2 3 |  3.0
Unarmed Combat | 4 5 6 |  6.0
Fighting       | 4 5 |  5.0
Dodging        | |  1.7

Action                   |  1- 3 |  4- 6 |  7- 9 || total
-------------------------+-------+-------+-------++-------
Melee: Unarmed           |    97 |   130 |   194 ||   421
       Headbutt          |     6 |       |       ||     6
       Kick              |    12 |     2 |       ||    14
Throw: Stone             |       |       |     1 ||     1
 Cast: Beastly Appendage |    18 |     3 |       ||    21
       Wereblood         |     3 |     5 |     9 ||    17
       Spider Form       |     3 |    25 |     3 ||    31
       Ice Form          |       |     1 |    43 ||    44
Invok: Lunge             |       |     6 |    18 ||    24
       Whirlwind         |       |     1 |     2 ||     3
  Use: Scroll            |       |       |    12 ||    12
Armor: Robe              |    35 |     5 |     1 ||    41
       Skin              |     1 |     3 |    49 ||    53
Dodge: Dodged            |    40 |    63 |    55 ||   158
Block: Other             |     2 |    27 |    25 ||    54
       Reflection        |       |     3 |     2 ||     5

Table legend: (Time is in decaauts)
 A = Elapsed time spent in this place.
 B = Non-inter-level travel time spent in this place.
 C = Inter-level travel time spent in this place.
 D = Time resting spent in this place.
 E = Time spent auto-exploring this place.
 F = Levels seen in this place.
 G = Mean time per level.
                   A        B        C        D        E       F      G
               +--------+--------+--------+--------+--------+-----+--------+
         Total |   9577 |   9123 |    454 |     83 |   7758 |   9 | 1064.1 |
       Dungeon |   9283 |   8840 |    443 |     83 |   7478 |   8 | 1160.4 |
        Temple |    293 |    282 |     11 |      0 |    280 |   1 |  293.0 |
               +--------+--------+--------+--------+--------+-----+--------+

Top non-repeatable levels by time:
     D:3: 1445 daAuts
     D:2: 1383 daAuts
     D:7: 1377 daAuts
     D:5: 1301 daAuts
     D:1: 1265 daAuts
     D:6: 1260 daAuts
     D:4: 1088 daAuts
  Temple: 293 daAuts
     D:8: 161 daAuts
